 Dungeon Crawl Stone Soup version 0.28-a0-1143-gcf6077d4cc (webtiles) character file.

Game seed: 989368623635126905

304 ytrimaz the Shield-Bearer (level 6, 0/49 HPs)
             Began as a Formicid Fighter on Dec 13, 2021.
             Was an Initiate of Ru.
             Slain by a yak (7 damage)
             ... on level 4 of the Dungeon.
             The game lasted 00:02:48 (2420 turns).

ytrimaz the Shield-Bearer (Formicid Fighter)        Turns: 2420, Time: 00:02:48

Health: 0/49       AC:  8    Str: 22    XL:     6   Next: 66%
Magic:  6/6        EV:  9    Int:  8    God:    Ru [......]
Gold:   167        SH:  4    Dex: 10    Spells: 5/5 levels left

rFire   . . .      SeeInvis +   m - +0 executioner's axe
rCold   . . .      Faith    .   c - +0 buckler
rNeg    + . .      Spirit   .   b - +0 scale mail
rPois   .          Reflect  .   (helmet unavailable)
rElec   .          Harm     .   (no cloak)
rCorr   .          Rampage  .   (no gloves)
Will    .....                   i - +0 pair of boots
Stlth   ..........              (no amulet)
HPRegen 0.16/turn               e - ring of positive energy
MPRegen 0.10/turn               (no ring)

@: no status effects
A: permanent stasis, dig shafts and tunnels, antennae 3, four strong arms
a: Dig, Shaft Self, Renounce Religion


You were on level 4 of the Dungeon.
You worshipped Ru.
Ru was noncommittal.
You visited 2 branches of the dungeon, and saw 5 of its levels.

You collected 167 gold pieces.

Inventory:

Hand Weapons
 a - a +0 war axe
 m - a +0 executioner's axe (weapon)
Armour
 b - a +0 scale mail (worn)
 c - a +0 buckler (worn)
 i - a +0 pair of boots (worn)
Jewellery
 e - a ring of positive energy (left hand)
Scrolls
 k - a scroll of enchant weapon {unknown}
 l - a scroll of brand weapon {unknown}
Potions
 d - a potion of might
 f - a potion of mutation {unknown}
 g - a potion of flight {unknown}
 h - a potion of magic {unknown}
 j - a potion of berserk rage {unknown}


   Skills:
 * Level 4.6 Fighting
 + Level 4.2 Axes
 * Level 4.6 Armour
 * Level 4.7 Shields


You had 5 spell levels left.
You didn't know any spells.
Your spell library was empty.

Dungeon Overview and Level Annotations

Branches:
Dungeon (4/15)             Temple (1/1) D:4

Altars:
Cheibriados
Fedhas
Kikubaaqudgha
Okawaru
Qazlal
Ru
Sif Muna
Uskayaw
Yredelemnul
The Shining One


Innate Abilities, Weirdness & Mutations

You cannot be hasted, slowed, berserked, paralysed or teleported.
You can dig through walls and to a lower floor.
You have a pair of large antennae on your head. (SInv)
Your four strong arms can wield two-handed weapons with a shield.


Message History

Found a glowing war axe.
You see here a +2 vorpal war axe.
A yak comes into view.
The yak bellows!
A yak comes into view.
There are monsters nearby!
There are monsters nearby!
You see here a +2 vorpal war axe.
You barely miss the yak. The yak gores you. The yak barely misses you.
You slice the yak!!
The yak is heavily wounded.
You hear a bellow! x3
The yak gores you.
A yak comes into view.
You barely miss the yak.
The yak is heavily wounded.
The yak gores you! The yak gores you but does no damage.
You hit the yak.
The yak is heavily wounded.
The yak gores you but does no damage. The yak closely misses you.
The yak bellows!
You slash the yak!
The yak is almost dead.
The yak gores you! The yak closely misses you.
You barely miss the yak.
The yak is almost dead.
The yak gores you but does no damage.
Unknown command.
You hit the yak.
The yak is almost dead.
The yak gores you!
* * * LOW HITPOINT WARNING * * *
The yak gores you!
* * * LOW HITPOINT WARNING * * *
Unknown command.
Unknown command.
You see here a +2 vorpal war axe.
There is a stone staircase leading up here.
The yak gores you!
You die...

#)######. .......### .........
.Y.......# .. .†###.#...
Y..##..#Y##.. ..# #.#....
.(##..#.##.# ..###.........
#..#.{#.# .......... ..
#..##)#.#
#.#.#....##.#.##..##.#.#
#.#.#Y##....#......Y...#######
.....)....#.....@YY...........
#.##.#.##[#...................
#....#............##..########
...#..)#.#.##.###.##..##
##.#.>.#.#.......###...#
.......)†..#..##.# ###.#
..#.#.#))..#..##.# #.##
#.#.#.#.##....##.#####..#
#...........#........##.##


You could see 3 yaks.

Vanquished Creatures
  A necrophage (D:4)
  A howler monkey (D:3)
  A hound (D:4)
  An orc priest (D:4)
  5 adders
  A worm (D:2)
  2 dart slugs (D:1)
  6 orcs
  6 ball pythons
  5 endoplasms
  2 giant cockroaches
  4 goblins
  10 hobgoblins
  4 quokkas
  5 bats
  4 frilled lizards
  6 kobolds
  3 rats
67 creatures vanquished.

Notes
Turn   | Place    | Note
-------+----------+-------------------------------------------
     0 | D:1      | ytrimaz the Formicid Fighter began the quest for the Orb.
     0 | D:1      | Reached XP level 1. HP: 18/18 MP: 1/1
   175 | D:1      | Reached XP level 2. HP: 24/24 MP: 2/2
   314 | D:1      | Reached XP level 3. HP: 27/29 MP: 3/3
   668 | D:1      | Found a faded altar of an unknown god.
   942 | D:2      | Reached XP level 4. HP: 37/37 MP: 4/4
  1888 | D:3      | Reached XP level 5. HP: 36/42 MP: 5/5
  1983 | D:3      | Noticed a phantom
  1984 | D:3      | You fall into a shaft and drop 1 floor!
  2030 | D:4      | Noticed a necrophage
  2039 | D:4      | Killed a necrophage
  2040 | D:4      | Reached XP level 6. HP: 39/49 MP: 6/6
  2159 | D:4      | Found a staircase to the Ecumenical Temple.
  2188 | Temple   | Entered the Ecumenical Temple
  2276 | Temple   | Became a worshipper of Ru the Awakened
  2353 | D:4      | Noticed a yak
  2358 | D:4      | Found a stormy altar of Qazlal.
  2366 | D:4      | Found a blossoming altar of Fedhas.
  2398 | D:4      | Noticed a yak
  2398 | D:4      | Noticed a yak
  2407 | D:4      | Noticed a yak
  2420 | D:4      | Slain by a yak

Illustrated notes

Levels and vault maps discovered:
D:1:      ebering_trefoil_twist, layout_basic,
          nicolae_ecumenical_snake_handling, grunt_decor_cap
D:2:      layout_basic, minmay_misc_feat_square
D:3:      layout_basic, mainiacjoe_overflow_surrounded_room
D:4:      layout_basic, grunt_temple_overflow_forces_of_nature,
          ashenzari_altar_1, minmay_temple_entry_ruins
Temple:   oiseaux_autumnal_temple

Skill      XL: |  1  2  3  4  5  6 |
---------------+-------------------+-----
Shields        | 4 |  4.7
Armour         | 4 |  4.6
Axes           | 3 4 |  4.2
Fighting       | 4 |  4.6

Action                   |  1- 3 |  4- 6 || total
-------------------------+-------+-------++-------
Melee: War axe           |    72 |   121 ||   193
       Executioner's axe |       |     7 ||     7
  Use: Scroll            |     4 |     2 ||     6
Armor: Scale mail        |    49 |    61 ||   110
Dodge: Dodged            |    34 |    75 ||   109
Block: Buckler           |    14 |    25 ||    39

Table legend: (Time is in decaauts)
 A = Elapsed time spent in this place.
 B = Non-inter-level travel time spent in this place.
 C = Inter-level travel time spent in this place.
 D = Time resting spent in this place.
 E = Time spent auto-exploring this place.
 F = Levels seen in this place.
 G = Mean time per level.
                   A        B        C        D        E       F      G
               +--------+--------+--------+--------+--------+-----+--------+
         Total |   2495 |   2452 |     43 |      0 |   1813 |   5 |  499.0 |
       Dungeon |   2390 |   2362 |     28 |      0 |   1750 |   4 |  597.5 |
        Temple |    104 |     89 |     15 |      0 |     63 |   1 |  104.0 |
               +--------+--------+--------+--------+--------+-----+--------+

Top non-repeatable levels by time:
     D:2: 1005 daAuts
     D:1: 803 daAuts
     D:4: 349 daAuts
     D:3: 231 daAuts
  Temple: 104 daAuts
